 Dungeon Crawl Stone Soup version 0.19.1 (webtiles) character file.

133 truemonolith the Magician (level 4, 0/24 HPs)
             Began as a Deep Elf Conjurer on Dec 9, 2016.
             Slain by a hobgoblin
             ... wielding a +0 club
              (5 damage)
             ... on level 2 of the Dungeon.
             The game lasted 00:03:37 (2042 turns).

truemonolith the Magician (Deep Elf Conjurer)       Turns: 2042, Time: 00:03:38

Health: 0/24       AC:  2    Str:  5    XL:     4   Next: 94%
Magic:  0/15       EV: 13    Int: 21    God:
Gold:   78         SH:  0    Dex: 15    Spells: 1 memorised, 16 levels left

rFire  . . .     SeeInvis .     d - +0 whip (holy)
rCold  . . .     Gourm    .     a - +0 robe
rNeg   . . .     Faith    .     (no shield)
rPois  .         Spirit   +     (no helmet)
rElec  .         Reflect  .     (no cloak)
rCorr  .         Harm     .     (no gloves)
MR     .....                    (no boots)
Stlth  ++........               f - amulet of guardian spirit
                                (no ring)
                                (no ring)

@: no status effects
A: no striking features
a: no special abilities


You were on level 2 of the Dungeon.
You were not hungry.

You visited 1 branch of the dungeon, and saw 3 of its levels.

You collected 78 gold pieces.

Inventory:

Hand Weapons
 d - a +0 whip of holy wrath (weapon)
Armour
 a - a +0 robe (worn)
Jewellery
 f - an amulet of guardian spirit (around neck)
 n - an uncursed amulet of guardian spirit
Wands
 m - a wand of confusion (27/48)
Scrolls
 g - a scroll of remove curse
Potions
 e - a potion of lignification
Books
 b - a book of Conjurations

   Spells                             Type                      Level
   a - Magic Dart                     Conjuration                  1
   b - Searing Ray                    Conjuration                  2
   c - Dazzling Spray                 Conjuration/Hexes            3
   d - Fulminant Prism                Conjuration/Hexes            4
   e - Iskenderun's Mystic Blast      Conjuration                  4
   f - Iskenderun's Battlesphere      Conjuration/Charms           5
Comestibles
 c - a bread ration
 h - a meat ration
 o - a beef jerky


   Skills:
 - Level 2.4 Dodging
 - Level 2.4 Stealth
 + Level 7.0 Spellcasting
 - Level 4.3 Conjurations


You had 16 spell levels left.
You knew the following spells:

 Your Spells              Type           Power        Failure   Level  Hunger
a - Magic Dart            Conj           ####         1%          1    None


Dungeon Overview and Level Annotations

Branches:
Dungeon (3/15)

Altars:

Shops:
D:3 *


Message History

Aim: a hobgoblin, wielding a club and wearing a scale mail (severely wounded)
The magic dart hits the hobgoblin.
The hobgoblin is severely wounded.
Casting: Magic Dart
Confirm with . or Enter, or press ? or * to list all spells.
Aiming: Magic Dart
Press: ? - help, Shift-Dir - straight line, f/p - hobgoblin
Aim: a hobgoblin, wielding a club and wearing a scale mail (severely wounded)
The magic dart hits the hobgoblin.
The hobgoblin is severely wounded.
The hobgoblin misses you. The dart slug bites you.
* * * LOW HITPOINT WARNING * * *
Unknown command.
The hobgoblin closely misses you.
You climb upwards.
There is a stone staircase leading down here.
Unknown command.
Unknown command.
The hobgoblin hits you with a club!
You die...

##...##..######........##.#..#
.....##..# ##...###.##.#..#
##.#.##..# #...# #)##.#..#
#.#.##..#######...# #.##.#..#
##.#.##............# #.##.#..#
.....##........#...# #.##.##.#
...............#).†###.##.##.#
................w>...........#
####...#........@g..##.##.####
#.###.........##.##.##.#
#.............##.#####(#
#.............##.# ###
#......#####..##.#
#..........#.....#
####..........#..####
..............#..#
##.......######..#


You could see a dart slug and a hobgoblin.

Vanquished Creatures
  An orc priest (D:2)
  An orc wizard (D:2)
  2 adders (D:2)
  3 worms (D:2)
  A dart slug (D:2)
  5 orcs (D:2)
  3 giant cockroaches (D:2)
  4 goblins (D:2)
  6 hobgoblins (D:2)
  2 jackals (D:2)
  3 bats (D:2)
  A frilled lizard (D:2)
  6 kobolds
  3 rats
41 creatures vanquished.

Notes
Turn   | Place    | Note
-------+----------+-------------------------------------------
     0 | D:1      | truemonolith the Deep Elf Conjurer began the quest for the Orb.
     0 | D:1      | Reached XP level 1. HP: 10/10 MP: 6/6
   141 | D:1      | You fall through a shaft!
   277 | D:2      | Reached skill level 4 in Spellcasting
   277 | D:2      | Reached XP level 2. HP: 15/15 MP: 2/9
   649 | D:2      | Reached XP level 3. HP: 19/19 MP: 6/11
   657 | D:2      | Reached skill level 5 in Spellcasting
  1552 | D:2      | Reached XP level 4. HP: 24/24 MP: 7/13
  1601 | D:3      | Found Gozag's Platinum Reserve.
  1624 | D:2      | Reached skill level 6 in Spellcasting
  1625 | D:2      | HP: 1/24 [something/puff of frost (5)]
  1964 | D:2      | Reached skill level 7 in Spellcasting
  2042 | D:2      | Slain by a hobgoblin

Skill      XL: |  1  2  3  4 |
---------------+-------------+-----
Spellcasting   | 4 5 7 |  7.0
Dodging        | |  2.4
Stealth        | |  2.4
Conjurations   | |  4.3

Action                   |  1- 3 |  4- 6 || total
-------------------------+-------+-------++-------
Melee: Whip              |     1 |    11 ||    12
 Cast: Magic Dart        |    79 |    21 ||   100
  Use: Scroll            |     4 |       ||     4
       Potion            |       |     2 ||     2
  Eat: Bread ration      |     1 |       ||     1
       Chunk             |     1 |       ||     1
Armor: Skin              |       |     7 ||     7
Dodge: Dodged            |     5 |    14 ||    19
